 Dungeon Crawl Stone Soup version 0.28-a0-1506-g3893175d92 (webtiles) character file.

Game seed: 4548262512504511759

163 croobank the Insei (level 5, -5/34 HPs)
             Began as an Octopode Transmuter on Jan 13, 2022.
             Slain by Sigmund (7 damage)
             ... on level 3 of the Dungeon.
             The game lasted 00:11:55 (4414 turns).

croobank the Insei (Octopode Transmuter)            Turns: 4414, Time: 00:11:57

Health: -5/34      AC:  1    Str: 11    XL:     5   Next: 44%
Magic:  0/9        EV: 13    Int: 15    God:
Gold:   1197       SH:  0    Dex: 13    Spells: 2/9 levels left

rFire   . . .      SeeInvis .   e - +0 short sword
rCold   . . .      Faith    .   (no shield)
rNeg    . . .      Spirit   +   (helmet currently unavailable)
rPois   .          Reflect  .   h - amulet of guardian spirit
rElec   .          Harm     .   (no ring)
rCorr   .          Rampage  .   (no ring)
Will    +....                   (no ring)
Stlth   ++........              (no ring)
HPRegen 0.11/turn               (no ring)
MPRegen 0.11/turn               (no ring)
                                (no ring)
                                (no ring)

@: appendages, flying
A: tentacle spike 3, almost no armour, amphibious, 8 rings, camouflage 1,
gelatinous body 1, (nimble swimmer 1), tentacles, strong-willed 1
a: End Transformation


You were on level 3 of the Dungeon.
One of your tentacles had grown a beastly spike.
You visited 1 branch of the dungeon, and saw 3 of its levels.

You collected 1197 gold pieces.

Inventory:

Hand Weapons
 e - a +0 short sword (weapon)
Missiles
 b - 39 arrows
 d - 6 boomerangs (quivered)
 f - 98 stones
Jewellery
 h - an amulet of guardian spirit (around mantle)
Scrolls
 i - a scroll of enchant weapon
 j - a scroll of noise {unknown}
 l - a scroll of magic mapping {unknown}
Potions
 g - a potion of heal wounds


   Skills:
 + Level 2.2 Fighting
 + Level 2.9 Dodging
 - Level 3.4 Unarmed Combat
 + Level 2.7 Spellcasting
 + Level 2.9 Transmutations
 * Level 1.6 Ice Magic


You had 2 spell levels left.
You knew the following spells:

 Your Spells              Type           Power      Damage    Failure   Level
a - Beastly Appendage     Tmut           20%        N/A       6%          1
b - Wereblood             Tmut           10%        N/A       10%         2
c - Ice Form              Ice/Tmut       8%         N/A       63%         4

Your spell library contained the following spells:

 Spells                   Type           Power      Damage    Failure   Level
 Animate Skeleton         Necr           4%         N/A       21%         1
 Apportation              Tloc           4%         N/A       21%         1
 Pain                     Necr           8%         1d4       21%         1
 Summon Small Mammal      Summ           8%         N/A       21%         1
 Spider Form              Tmut/Pois      6%         N/A       34%         3
 Vampiric Draining        Necr           2%         2d6       52%         3


Dungeon Overview and Level Annotations

Branches:
Dungeon (3/15)

Altars:

Annotations:
D:3 1 transporter, Ijyb; Robin; Sigmund; bande's ghost, amateur GrFi


Innate Abilities, Weirdness & Mutations

One of your tentacles has grown a beastly spike.
You cannot wear most types of armour.
You are amphibious.
You can wear up to eight rings at the same time.
Your skin changes colour to match your surroundings (Stealth+).
Your rubbery body absorbs attacks. (AC +1, EV +1)
((You are camouflaged when in or above water. (Stealth+)))
You have tentacles for arms and can constrict up to eight enemies at once.
You are strong-willed. (Will+)


Message History

You howl as the wereblood boils in your veins!
As you read the scroll of identify, it crumbles to dust.
i - a scroll of enchant weapon The hobgoblin no longer looks unusually strong.
Ijyb no longer looks unusually strong.
The hobgoblin completely misses you.
Casting: Wereblood (safe; 10% risk of failure)
Confirm with . or Enter, or press ? or * to list all spells.
One of your tentacles grows a vicious spike.
The quasit gives a chilling moan.
You howl as the wereblood boils in your veins!
Your primal bloodlust is almost over.
Sigmund gestures at you while chanting.
You are confused.
The hobgoblin hits you but does no damage.
You bump into the rock wall.
The hobgoblin barely misses you.
You are too confused!
You feel much better. Sigmund casts a spell at you. The puff of flame hits you!
The hobgoblin hits you.
A hobgoblin comes into view.
You are too confused!
It was a potion of flight.
You feel very buoyant.
You fly up into the air.
The hobgoblin closely misses you.
It was a potion of mutation.
You feel extremely strange.
You feel clumsy.
You feel agile.
You feel strong-willed.
You howl as the wereblood boils in your veins!
The hobgoblin hits you.
You bump into the rock wall.
Sigmund hits you from afar with a +0 scythe!
* * * LOW HITPOINT WARNING * * *
The hobgoblin barely misses you.
You hit Ijyb but do no damage.
You pierce Ijyb.
Ijyb is moderately wounded.
You feel less confused.
Your primal bloodlust has ended.
The hobgoblin no longer looks unusually strong.
Ijyb barely misses you. The hobgoblin hits you.
* * * LOW HITPOINT WARNING * * *
Sigmund hits you from afar with a +0 scythe!
You die...

#..# #g.# ..####..###
....gg..#
###...#.##### .
...#....).......
..................
.....####..#...### ##
#. .....gg@gg.+...+
..#. ....#@###..#...#
.#. . .........#...#
# .. .©.####...#...#
#. #. ### #
.###.....#####.##. ..
.#. ##............. .
## ... #.............
....#.##.#.##.###.##.
#..5#........##.##'


You could see Sigmund, Ijyb, 2 hobgoblins and a goblin.

Vanquished Creatures
  Natasha (D:2)
  An adder (D:3)
  7 gnolls
  2 dart slugs (D:1)
  5 bats (D:1)
  3 endoplasms (D:1)
  A giant cockroach (D:1)
  9 goblins
  6 hobgoblins
  3 jackals (D:1)
  2 quokkas
  2 ball pythons (D:1)
  A frilled lizard (D:2)
  7 kobolds
  6 rats
56 creatures vanquished.

Vanquished Creatures (others)
  4 withered plants (D:3)
4 creatures vanquished.

Grand Total: 60 creatures vanquished

Notes
Turn   | Place    | Note
-------+----------+-------------------------------------------
     0 | D:1      | croobank the Octopode Transmuter began the quest for the
                  | Orb.
     0 | D:1      | Reached XP level 1. HP: 13/13 MP: 3/3
   344 | D:1      | Reached XP level 2. HP: 18/18 MP: 3/5
   854 | D:1      | Reached XP level 3. HP: 7/23 MP: 6/6
  1790 | D:2      | Identified a scroll of acquirement
  1791 | D:2      | Acquired 1105 gold pieces
  2588 | D:2      | Reached XP level 4. HP: 25/29 MP: 5/7
  2591 | D:2      | Learned a level 2 spell: Wereblood
  2705 | D:2      | Learned a level 4 spell: Ice Form
  2705 | D:2      | Noticed Natasha
  2709 | D:2      | Killed Natasha
  3837 | D:3      | Reached skill level 1 in Ice Magic
  3846 | D:3      | Reached XP level 5. HP: 17/34 MP: 1/8
  4382 | D:3      | Found a transporter.
  4387 | D:3      | Noticed Robin
  4389 | D:3      | Noticed Ijyb
  4393 | D:3      | Noticed bande's ghost (amateur GrFi)
  4405 | D:3      | Noticed Sigmund
  4412 | D:3      | Gained mutation: You are clumsy. (Dex -2) [potion of
                  | mutation]
  4412 | D:3      | Lost mutation: You are clumsy. (Dex -2) [potion of
                  | mutation]
  4412 | D:3      | Gained mutation: You are strong-willed. (Will+) [potion of
                  | mutation]
  4414 | D:3      | Slain by Sigmund

Illustrated notes

Levels and vault maps discovered:
D:1:      dpeg_arrival_lava_altar, layout_basic,
          hangedman_abyss_or_decor_lesser_grid
D:2:      layout_loops_cross, uniq_natasha
D:3:      layout_basic, nicolae_ru_great_annihilating_truth, marbit_many_paths,
          ebering_ecumenical_altar_petrified, gammafunk_ghost_stat_death,
          uniq_robin, uniq_terence, uniq_ijyb, uniq_sigmund

Skill      XL: |  1  2  3  4 |
---------------+-------------+-----
Fighting       | 2 |  2.2
Ice Magic      | 1 |  1.6
Dodging        | |  2.9
Unarmed Combat | |  3.4
Spellcasting   | |  2.7
Transmutations | |  2.9

Action                   |  1- 3 |  4- 6 || total
-------------------------+-------+-------++-------
Melee: Unarmed           |    13 |       ||    13
       Kick              |    22 |    14 ||    36
       Constrict         |    29 |    13 ||    42
       Short sword       |    65 |    47 ||   112
       Tentacles         |    11 |     7 ||    18
       Punch             |     3 |     2 ||     5
 Cast: Beastly Appendage |    23 |    12 ||    35
       Wereblood         |       |     3 ||     3
  Use: Scroll            |     4 |     1 ||     5
       Potion            |       |     3 ||     3
 Stab: Sleeping          |     2 |       ||     2
Armor: Skin              |    12 |     4 ||    16
Dodge: Dodged            |    52 |    32 ||    84

Table legend: (Time is in decaauts)
 A = Elapsed time spent in this place.
 B = Non-inter-level travel time spent in this place.
 C = Inter-level travel time spent in this place.
 D = Time resting spent in this place.
 E = Time spent auto-exploring this place.
 F = Levels seen in this place.
 G = Mean time per level.
                   A        B        C        D        E       F      G
               +--------+--------+--------+--------+--------+-----+--------+
         Total |   4426 |   4371 |     55 |   1573 |   2118 |   3 | 1475.3 |
       Dungeon |   4426 |   4371 |     55 |   1573 |   2118 |   3 | 1475.3 |
               +--------+--------+--------+--------+--------+-----+--------+

Top non-repeatable levels by time:
     D:2: 2030 daAuts
     D:1: 1519 daAuts
     D:3: 876 daAuts
